 Dungeon Crawl Stone Soup version 0.23-a0-582-g1b4a0ca (webtiles) character file.

1036 MisterFreud the Skirmisher (level 8, -12/73 HPs)
             Began as a Minotaur Abyssal Knight on Dec 16, 2018.
             Was a Priest of Lugonu.
             Mangled by an orc warrior
             ... wielding a +0 great sword
              (18 damage)
             ... on level 7 of the Dungeon.
             The game lasted 00:08:48 (4626 turns).

MisterFreud the Skirmisher (MiAK)                   Turns: 4626, Time: 00:08:49

Health: -12/73     AC: 11    Str: 18    XL:     8   Next: 3%
Magic:  12/12      EV:  7    Int:  9    God:    Lugonu [***...]
Gold:   98         SH:  0    Dex: 11    Spells: 7/7 levels left

rFire    . . .     SeeInvis .   t - +2 trident (freeze)
rCold    . . .     Gourm    +   (no shield)
rNeg     . . .     Faith    .   r - +0 chain mail
rPois    +         Spirit   .   s - +0 hat
rElec    .         Reflect  .   f - +0 cloak {rPois}
rCorr    .         Harm     .   (no gloves)
MR       .....                  b - +0 pair of boots
Stlth    ..........             j - amulet of the gourmand
HPRegen  0.22/turn              (no ring)
MPRegen  0.13/turn              (no ring)

@: no status effects
A: retaliatory headbutt, horns 2
a: Depart the Abyss, Bend Space, Banish, Renounce Religion


You were on level 7 of the Dungeon.
You worshipped Lugonu.
Lugonu was most pleased with you.
You were full.

You visited 1 branch of the dungeon, and saw 7 of its levels.
You visited the Abyss 1 time.

You collected 293 gold pieces.
You spent 195 gold pieces at shops.

Inventory:

Hand Weapons
 a - a +2 falchion
 t - a +2 trident of freezing (weapon)
Armour
 b - a +0 pair of boots (worn)
 f - a +0 cloak of poison resistance (worn)
 r - a +0 chain mail (worn)
 s - a +0 hat (worn)
Jewellery
 j - an amulet of the gourmand (around neck)
Wands
 x - a wand of acid (10)
Scrolls
 e - 3 scrolls of teleportation
 g - 4 scrolls of remove curse
 p - a scroll of enchant weapon
 q - 2 scrolls of enchant armour {unknown}
 u - a scroll of magic mapping {unknown}
 w - a scroll of identify
Potions
 d - 3 potions of curing
 h - a potion of ambrosia
 i - a potion of agility
 k - a potion of cancellation {unknown}
 l - a potion of resistance {unknown}
 m - 2 potions of heal wounds
 n - 2 potions of haste
 o - a potion of mutation {unknown}
 v - a potion of lignification {unknown}
Comestibles
 c - 15 rations


   Skills:
 - Level 7.2 Fighting
 - Level 2.4 Long Blades
 + Level 3.8 Polearms
 - Level 2.4 Armour
 - Level 1.1 Dodging
 - Level 7.1 Invocations


You had 7 spell levels left.
You didn't know any spells.
Your spell library was empty.

Dungeon Overview and Level Annotations

Branches:
Dungeon (7/15)             Temple (0/1) D:4

Altars:
Cheibriados
Gozag

Shops:
D:5 =[

Annotations:
D:2 Sigmund
D:4 2 runed doors, Duffy's ghost, amateur DEFE
D:6 Eustachio
Abyss:1 Blork the orc


Innate Abilities, Weirdness & Mutations

You reflexively headbutt those who attack you in melee.
You have a pair of horns on your head.


Message History

You kill the leopard gecko!
Lugonu accepts your kill.
An ice beast comes into view.
The jelly hits you but does no damage.
You hit the jelly. You freeze the jelly.
Your hands burn!
* * * LOW HITPOINT WARNING * * *
The jelly is heavily wounded.
The jelly hits you but does no damage.
You puncture the jelly! You freeze the jelly.
You kill the jelly!
Lugonu accepts your kill.
You hit the orc warrior but do no damage.
You headbutt the orc warrior, but do no damage.
The orc warrior hits you with a +0 great sword!!
* * * LOW HITPOINT WARNING * * *
Found 9 gold pieces.
Found a stone staircase leading up.
There is a stone staircase leading up here.
The orc warrior hits you with a +0 great sword!!
You die...

###### #....# #....#
#....# #...
#....###### #...
#..@.....# #.l.
#..o<....# #...
#..o.....## #...
#..Y......## ###...
#..l..$....####..o..
##.##...###........<.
#..............####.#
#..#..#.####......l.#
#. #.##.#####o####...


You could see an orc warrior, an ice beast, an orc and a leopard gecko.

Vanquished Creatures
  2 phantoms
  An ogre (D:6)
  A bullfrog (D:6)
  A gnoll sergeant (D:6)
  A howler monkey (D:5)
  2 crimson imps (D:5)
  A jelly (D:7)
  A bullfrog skeleton (D:5)
  3 orc priests
  Natasha (D:2)
  4 worker ants
  A worker ant zombie (D:5)
  A howler monkey skeleton (D:4)
  8 adders
  2 shadow imps (D:5)
  2 oozes (D:1)
  An adder skeleton (D:6)
  A worm (D:2)
  4 dart slugs
  4 leopard geckos
  10 orcs
  11 giant cockroaches
  3 goblins
  10 hobgoblins
  6 jackals
  3 quokkas
  7 bats
  3 frilled lizards
  7 kobolds
  A leopard gecko skeleton (D:5)
  6 rats
109 creatures vanquished.

Notes
Turn   | Place    | Note
-------+----------+-------------------------------------------
     0 | Abyss:1  | MisterFreud the Minotaur Abyssal Knight began the quest for
                  | the Orb.
     0 | Abyss:1  | Reached XP level 1. HP: 19/19 MP: 1/1
    60 | D:1      | Escaped the Abyss
   276 | D:1      | Reached XP level 2. HP: 22/28 MP: 2/2
   447 | D:1      | Reached * piety under Lugonu
   508 | D:1      | Reached skill level 5 in Fighting
   653 | D:1      | Reached XP level 3. HP: 36/36 MP: 3/3
   806 | D:2      | Noticed Sigmund
  1231 | D:2      | Found a snail-covered altar of Cheibriados.
  1625 | D:3      | Noticed Natasha
  1632 | D:2      | Killed Natasha
  1632 | D:2      | Reached XP level 4. HP: 30/44 MP: 4/4
  1769 | D:3      | Reached ** piety under Lugonu
  1859 | D:3      | Reached XP level 5. HP: 47/51 MP: 5/5
  2418 | D:4      | Found a runed door.
  2449 | D:4      | Found a staircase to the Ecumenical Temple.
  2493 | D:4      | Found a runed door.
  2498 | D:4      | Noticed Duffy's ghost (amateur DEFE)
  2507 | D:4      | Reached XP level 6. HP: 52/60 MP: 7/7
  2908 | D:4      | Found an opulent altar of Gozag.
  3174 | D:4      | Reached *** piety under Lugonu
  3222 | D:5      | Entered Level 5 of the Dungeon
  3222 | D:5      | Found Siasch's Antique Armour Shop.
  3233 | D:5      | Reached skill level 5 in Invocations
  3240 | D:5      | Bought a glowing cloak for 195 gold pieces
  3357 | D:5      | Reached XP level 7. HP: 64/66 MP: 8/10
  3505 | D:5      | Found Nauguvex's Jewellery Shoppe.
  4152 | D:6      | Noticed Blork the orc
  4198 | D:6      | Banished Blork the orc
  4576 | D:6      | Noticed Eustachio
  4593 | D:6      | Reached XP level 8. HP: 34/73 MP: 12/12
  4626 | D:7      | Mangled by an orc warrior

Vault maps used:
D:1:      dpeg_arrival_court
D:2:      lemuel_tele_altar, uniq_sigmund
D:3:      minmay_roachtagon, uniq_natasha
D:4:      minmay_temple_entry_proselytizer, ebering_ghost_sewer_f,
          grunt_gozag_statues
D:5:      serial_shops, shop, nicolae_shop_competitors_out_of_business,
          first_ration
D:6:      fedhas_bush_and_centaur_altar, sword_in_stone, uniq_blork_the_orc,
          uniq_prince_ribbit1
D:7:      uniq_harold

Skill      XL: |  1  2  3  4  5  6  7 |
---------------+----------------------+-----
Fighting       | 4 5 6 7 |  7.2
Invocations    | 3 5 7 |  7.1
Polearms       | 3 |  3.8
Long Blades    | |  2.4
Armour         | |  2.4
Dodging        | |  1.1

Action                   |  1- 3 |  4- 6 |  7- 9 || total
-------------------------+-------+-------+-------++-------
Melee: Falchion          |    53 |   147 |    16 ||   216
       Headbutt          |    10 |    29 |    12 ||    51
       Trident           |       |       |    70 ||    70
Invok: Depart the Abyss  |     1 |       |       ||     1
       Banish            |       |       |     1 ||     1
  Use: Scroll            |     8 |     7 |       ||    15
  Eat: Chunk             |    11 |     7 |     1 ||    19
Armor: Leather armour    |    10 |    17 |       ||    27
       Chain mail        |       |    24 |    44 ||    68
Dodge: Dodged            |    40 |    94 |    16 ||   150
       Rpst.: Falchion   |    12 |    29 |     3 ||    44

Table legend:
 A = Non-vault XP
 B = Vault XP
 C = Vault XP percentage of total XP
 D = Non-vault monster count
 E = Vault monster count
 F = Vault count percentage of total count
                 A         B        C        D         E       F
            +---------+---------+-------+---------+---------+-------
      Total |    1223 |     257 |  17.4 |      96 |      14 |  12.7
            +---------+---------+-------+---------+---------+-------
        D:1 |      45 |       0 |   0.0 |      20 |       0 |   0.0
        D:2 |      28 |      36 |  56.2 |      14 |       1 |   6.7
        D:3 |     200 |      20 |   9.1 |      26 |      10 |  27.8
        D:4 |     239 |      41 |  14.6 |      14 |       1 |   6.7
        D:5 |     253 |       0 |   0.0 |      10 |       0 |   0.0
        D:6 |     410 |     160 |  28.1 |      10 |       2 |  16.7
        D:7 |      48 |       0 |   0.0 |       2 |       0 |   0.0
            +---------+---------+-------+---------+---------+-------
